 Dungeon Crawl Stone Soup version 0.21.1-1-g345015f (webtiles) character file.

738 Mirai the Slasher (level 7, -3/61 HPs)
             Began as a White Draconian Berserker on Feb 9, 2018.
             Was a Priest of Trog.
             Slain by an ogre
             ... wielding a +0 giant club
              (6 damage)
             ... on level 5 of the Dungeon on Feb 16, 2018.
             The game lasted 00:12:19 (3299 turns).

Mirai the Slasher (White Draconian Berserker)       Turns: 3299, Time: 00:12:20

Health: -3/61      AC: 10    Str: 21    XL:     7   Next: 46%
Magic:  7/7        EV: 13    Int:  8    God:    Trog [***...]
Gold:   181        SH:  0    Dex: 10    Spells: 6/6 levels left

rFire    . . .     SeeInvis .   i - +1 falchion (curse)
rCold    + . .     Gourm    .   (no shield)
rNeg     . . .     Faith    .   (armour unavailable)
rPois    .         Spirit   .   (helmet restricted)
rElec    .         Reflect  .   q - scarf {cloud immunity}
rCorr    .         Harm     .   (no gloves)
MR       .....                  (no boots)
Stlth    ++........             (no amulet)
HPRegen  0.20/turn              f - +4 ring of protection
MPRegen  0.10/turn              (no ring)

@: berserk cooldown, very slightly contaminated, invisible
A: breathe frost, unfitting armour, cold resistance 1, cold-blooded, AC +6
a: Breathe Frost, Berserk, Trog's Hand, Burn Spellbooks, Renounce Religion


You were on level 5 of the Dungeon.
You worshipped Trog.
Trog was most pleased with you.
You were not hungry.

You visited 2 branches of the dungeon, and saw 6 of its levels.

You collected 181 gold pieces.

Inventory:

Hand Weapons
 a - a +0 falchion
 i - a cursed +1 falchion (weapon)
Armour
 q - a scarf of cloud immunity (worn)
Jewellery
 e - an uncursed ring of ice
 f - a +4 ring of protection (left hand)
Wands
 p - a wand of enslavement (16)
Scrolls
 c - a scroll of identify
 h - 2 scrolls of teleportation
 m - a scroll of fog {unknown}
 n - a scroll of blinking {unknown}
 o - a scroll of remove curse {unknown}
 r - a scroll of random uselessness {unknown}
Potions
 d - 3 potions of curing {unknown}
 j - a potion of ambrosia {unknown}
 k - a potion of agility {unknown}
 l - a potion of degeneration {unknown}
Comestibles
 b - 5 rations
 s - 2 chunks of flesh


   Skills:
 * Level 5.5 Fighting
 + Level 6.5 Long Blades
 + Level 4.4 Dodging
 + Level 1.3 Stealth


You had 6 spell levels left.
You didn't know any spells.

Dungeon Overview and Level Annotations

Branches:
Dungeon (5/15)             Temple (1/1) D:4

Altars:
Ashenzari
Cheibriados
Dithmenos
Elyvilon
Fedhas
Hepliaklqana
Kikubaaqudgha
Makhleb
Nemelex Xobeh
Okawaru
Qazlal
Ru
Trog
Uskayaw
Vehumet
Wu Jian
Xom
Yredelemnul
Zin
The Shining One


Innate Abilities, Weirdness & Mutations

You can breathe waves of freezing cold.
You can buffet flying creatures when you breathe cold.
Your icy white scales are hard. (AC +6)
You cannot fit into any form of body armour.
Your flesh is cold resistant. (rC+)
You are cold-blooded and may be slowed by cold attacks.


Message History

Press: ? - help, Shift-Dir - straight line, f - ogre
Aim: an ogre, wielding a giant club (chance to defeat MR: 46%)
The ogre resists with some effort.
The ogre hits you with a giant club.
* * * LOW HITPOINT WARNING * * *
Unknown command.
You fade into invisibility!
You feel yourself speed up. The ogre closely misses you. The ogre misses you.
You riposte.
You hit the ogre. You tail-slap the ogre.
The ogre is moderately wounded.
You are very lightly contaminated with residual magic.
You barely miss the ogre.
The ogre is moderately wounded.
You hit the ogre.
The ogre is heavily wounded.
The ogre closely misses you.
You riposte.
You barely miss the ogre.
The ogre is heavily wounded.
You hit the ogre.
The ogre is severely wounded.
The ogre hits you with a giant club.
You die...

.........(..........
..........).........
....................
...................#
...................#
..................##
.................##
...........O...##
.........@...#
#+.............
#.....####.###
#.##.. ... ## #..
... #.. .. ##. #.


You could see an ogre.

Vanquished Creatures
  An ice beast (D:5)
  2 phantoms (D:4)
  A centaur (D:5)
  2 scorpions
  The ghost of SaintRoka the Grave Robber, a weakling VSNe (D:4)
  A hound (D:4)
  An iguana (D:4)
  Terence (D:3)
  2 worker ants
  A hound skeleton (D:4)
  Robin (D:3)
  2 adders (D:4)
  2 worms
  3 dart slugs
  A leopard gecko (D:1)
  3 ball pythons
  5 giant cockroaches
  19 goblins
  6 hobgoblins (D:3)
  3 quokkas
  11 bats
  8 frilled lizards
  7 kobolds
  13 rats
97 creatures vanquished.

Notes
Turn   | Place    | Note
-------+----------+-------------------------------------------
     0 | D:1      | Mirai the Draconian Berserker began the quest for the Orb.
     0 | D:1      | Reached XP level 1. HP: 19/19 MP: 1/1
    82 | D:1      | Reached XP level 2. HP: 20/26 MP: 2/2
   226 | D:1      | Reached ** piety under Trog
   226 | D:1      | Reached XP level 3. HP: 33/33 MP: 3/3
   302 | D:1      | Found an iron altar of Okawaru.
   982 | D:2      | Found an ancient bone altar of Kikubaaqudgha.
  1454 | D:3      | Noticed Terence
  1454 | D:3      | Noticed Robin
  1522 | D:3      | Killed Terence
  1522 | D:3      | Reached skill level 4 in Long Blades
  1522 | D:3      | Reached XP level 4. HP: 40/40 MP: 4/4
  1666 | D:3      | Killed Robin
  1680 | D:3      | Reached *** piety under Trog
  1768 | D:3      | Reached XP level 5. HP: 28/46 MP: 5/5
  2037 | D:3      | Found a sacrificial altar of Ru.
  2162 | D:4      | Found a staircase to the Ecumenical Temple.
  2203 | Temple   | Entered the Ecumenical Temple
  2361 | D:4      | Noticed SaintRoka's ghost (weakling VSNe)
  2370 | D:4      | Killed SaintRoka's ghost
  2370 | D:4      | Reached skill level 5 in Long Blades
  2395 | D:4      | Noticed a phantom
  2545 | D:4      | Reached XP level 6. HP: 47/53 MP: 6/6
  2882 | D:4      | Reached skill level 1 in Stealth
  2952 | D:4      | Reached skill level 5 in Fighting
  3075 | D:4      | Reached skill level 6 in Long Blades
  3075 | D:4      | Your scales start taking on an icy white colour.
  3075 | D:4      | Reached XP level 7. HP: 61/61 MP: 7/7
  3075 | D:4      | Gained mutation: Your flesh is cold resistant. (rC+) [White Draconian growth]
  3252 | D:5      | Entered Level 5 of the Dungeon
  3295 | D:5      | HP: 2/61 [ogre/giant club (2)]
  3299 | D:5      | Slain by an ogre

Skill      XL: |  1  2  3  4  5  6 |
---------------+-------------------+-----
Dodging        | 3 4 |  4.4
Long Blades    | 4 5 6 |  6.5
Fighting       | 4 5 |  5.5
Stealth        | 1 |  1.3

Action                   |  1- 3 |  4- 6 |  7- 9 || total
-------------------------+-------+-------+-------++-------
Melee: Falchion          |   127 |   112 |    16 ||   255
       Tailslap          |    12 |    18 |     5 ||    35
Invok: Berserk           |     2 |     5 |     1 ||     8
Evoke: Wand              |       |       |     1 ||     1
  Use: Scroll            |     3 |       |       ||     3
       Potion            |       |       |     1 ||     1
 Stab: Sleeping          |       |     1 |       ||     1
  Eat: Chunk             |     3 |     4 |     2 ||     9
       Ration            |       |     2 |       ||     2
Armor: Skin              |    55 |    21 |    13 ||    89
Dodge: Dodged            |   102 |    81 |    17 ||   200
       Rpst.: Falchion   |    26 |    27 |     6 ||    59
